 Dungeon Crawl Stone Soup version 0.24.1-14-gf8d2b509d9 (webtiles) character file.

Game seed: 3191343670991084775, levelgen mode: deterministic

109 lepoulpe303 the Vexing (level 4, -6/25 HPs)
             Began as a Deep Elf Arcane Marksman on May 18, 2020.
             Mangled by a worm (8 damage)
             ... on level 3 of the Dungeon.
             The game lasted 00:11:10 (3429 turns).

lepoulpe303 the Vexing (Deep Elf Arcane Marksman)   Turns: 3429, Time: 00:11:11

Health: -6/25      AC:  2    Str:  7    XL:     4   Next: 59%
Magic:  10/10      EV: 13    Int: 19    God:
Gold:   92         SH:  0    Dex: 15    Spells: 3/9 levels left

rFire    . . .     SeeInvis .   b - +0 shortbow
rCold    . . .     Gourm    .   (shield currently unavailable)
rNeg     . . .     Faith    .   f - +0 robe
rPois    .         Spirit   .   (no helmet)
rElec    .         Reflect  .   (no cloak)
rCorr    .         Harm     .   (no gloves)
MR       .....                  (no boots)
Stlth    +.........             (no amulet)
HPRegen  0.08/turn              (no ring)
MPRegen  0.12/turn              (no ring)

@: no status effects
A: no striking features
a: no special abilities


You were on level 3 of the Dungeon.
You were hungry.

You visited 1 branch of the dungeon, and saw 3 of its levels.

You collected 92 gold pieces.

Inventory:

Hand Weapons
 a - a +0 dagger of protection
 b - a +0 shortbow (weapon)
Missiles
 o - 4 poisoned darts
 Q - 12 arrows (quivered)
Armour
 f - a +0 robe (worn)
Scrolls
 c - 2 scrolls of remove curse {unknown}
 h - 2 scrolls of identify {unknown}
 i - 2 scrolls of blinking {unknown}
 k - 2 scrolls of amnesia {unknown}
 l - a scroll of enchant armour {unknown}
 n - 2 scrolls of teleportation {unknown}
Potions
 d - a potion of flight {unknown}
 g - 4 potions of curing {unknown}
 j - a potion of heal wounds {unknown}
 p - a potion of haste {unknown}
Comestibles
 e - 5 rations
 m - 4 chunks of flesh


   Skills:
 + Level 1.3 Fighting
 * Level 3.3 Bows
 + Level 3.1 Dodging
 * Level 3.1 Spellcasting
 * Level 5.0 Hexes


You had 3 spell levels left.
You knew the following spells:

 Your Spells              Type           Power        Failure   Level  Hunger
a - Inner Flame           Hex/Fire       ##......     16%         3    ###....
s - Slow                  Hex            ###.....     3%          2    ##.....
v - Corona                Hex            ###....      1%          1    None

Your spell library contained the following spells:

 Spells                   Type           Power        Failure   Level  Hunger
 Portal Projectile        Hex/Tloc       ##....       16%         3    ###....
 Cause Fear               Hex            ###.......   19%         4    ####...
 Leda's Liquefaction      Hex/Erth       ##........   47%         4    ####...


Dungeon Overview and Level Annotations

Branches:
Dungeon (3/15)

Altars:


Message History

The gnoll barely misses you.
You take 3 damage, and have 14/25 hp.
Firing (i - inventory)
Q - 15 arrows (quivered)
Aim: a worm (heavily wounded)
You shoot an arrow. The arrow barely misses the worm.
The arrow closely misses the gnoll.
The arrow closely misses the goblin.
The gnoll hits you from afar with a +0 spear.
* * * LOW HITPOINT WARNING * * *
The worm misses you.
You take 4 damage, and have 10/25 hp.
Firing (i - inventory)
Q - 14 arrows (quivered)
Aim: a worm (heavily wounded)
You shoot an arrow. The arrow hits the worm!
The gnoll misses you.
Firing (i - inventory)
Q - 13 arrows (quivered)
Aim: a worm (severely wounded)
You shoot an arrow. The arrow hits the worm.
The gnoll hits you from afar with a +0 spear!
* * * LOW HITPOINT WARNING * * *
The worm bites you!
You die...

#.........
#........
#......#
#......# .
#......#
...###......#
.........<..#
......g.#+#.#
g.......#@#g#
.g......#w#g#
..l.....#g#(#
........#g#.#
>.......#(..#
........#####
+##.....#


You could see a worm, a gnoll and a goblin.

Levels and vault maps discovered:
D:1:      dpeg_arrival_arbitrary_b, layout_rooms, minmay_pentomino_p4
D:2:      layout_basic, grunt_ministairs_3
D:3:      layout_basic, lemuel_zombie_altar_kikubaaqudgha, nrook_loot_triangle

Notes
Turn   | Place    | Note
-------+----------+-------------------------------------------
     0 | D:1      | lepoulpe303 the Deep Elf Arcane Marksman began the quest
                  | for the Orb.
     0 | D:1      | Reached XP level 1. HP: 11/11 MP: 5/5
   295 | D:1      | Identified a cursed -3 club
   355 | D:1      | Reached skill level 2 in Spellcasting
   362 | D:1      | Reached skill level 1 in Fighting
   362 | D:1      | Reached XP level 2. HP: 11/16 MP: 7/7
   366 | D:1      | Learned a level 2 spell: Slow
   388 | D:1      | Identified a +0 club
   593 | D:2      | Identified a +0 dagger
   605 | D:2      | Identified a +0 shortbow
   626 | D:2      | Identified a +0 whip
   638 | D:2      | Reached XP level 3. HP: 10/20 MP: 6/8
   656 | D:1      | HP: 5/20 [poisoned by an adder]
  1019 | D:2      | HP: 5/20 [poisoned by an adder]
  2161 | D:2      | Identified a +0 short sword
  2235 | D:2      | Reached skill level 3 in Bows
  2336 | D:2      | Identified a +0 whip
  2339 | D:2      | Identified a +0 halberd
  2357 | D:2      | Identified a +0 spear
  2432 | D:2      | Reached skill level 3 in Dodging
  2432 | D:2      | Reached XP level 4. HP: 12/25 MP: 10/10
  2437 | D:2      | Learned a level 3 spell: Inner Flame
  2726 | D:2      | Reached skill level 3 in Spellcasting
  2761 | D:2      | HP: 3/25 [gnoll (7)]
  3143 | D:2      | Identified a +0 dagger
  3200 | D:2      | Identified a +0 dagger of protection
  3200 | D:2      | Identified a +0 hunting sling
  3332 | D:2      | Reached skill level 5 in Hexes
  3402 | D:3      | Identified a +0 spear
  3403 | D:3      | Identified a +0 club
  3404 | D:3      | Identified a +0 whip
  3429 | D:3      | HP: 2/25 [gnoll/+0 spear (8)]
  3429 | D:3      | Mangled by a worm

Table legend:
 A = Turns spent in this place as a percentage of turns spent in the entire game.
 B = Non-inter-level travel turns spent in this place as a percentage of non-inter-level travel turns spent in the entire game.
 C = Inter-level travel turns spent in this place as a percentage of turns spent in this place.
 D = Turns resting spent in this place as a percentage of non-inter-level travel turns spent in this place.
 E = Turns spent auto-exploring this place as a percentage of non-inter-level travel turns spent in this place.
 F = Non-inter-level travel turns spent in this place divided by the number of levels of this place that you've seen.
                   A       B       C       D       E      F
               +-------+-------+-------+-------+-------+----------------------
         Total | 100.0 | 100.0 |   1.6 |  44.0 |  35.1 | 1125.0
       Dungeon | 100.0 | 100.0 |   1.6 |  44.0 |  35.1 | 1125.0
               +-------+-------+-------+-------+-------+----------------------

Table legend:
 A = Kills in this place as a percentage of kills in entire the game.
 B = Kills by you in this place as a percentage of kills by you in the entire game.
 C = Kills by friends in this place as a percentage of kills by friends in the entire game.
 D = Other kills in this place as a percentage of other kills in the entire game.
 E = Experience gained in this place as a percentage of experience gained in the entire game.
 F = Experience gained in this place divided by the number of levels of this place that you have seen.
                   A       B       C       D       E      F
               +-------+-------+-------+-------+-------+----------------------
         Total | 100.0 | 100.0 |   N/A |   N/A | 100.0 |  52.0
       Dungeon | 100.0 | 100.0 |   N/A |   N/A | 100.0 |  52.0
               +-------+-------+-------+-------+-------+----------------------

Skill      XL: |  1  2  3  4 |
---------------+-------------+-----
Spellcasting   | 2 3 |  3.1
Fighting       | 1 |  1.3
Bows           | 3 |  3.3
Dodging        | 3 |  3.1
Hexes          | 5 |  5.0

Action                   |  1- 3 |  4- 6 || total
-------------------------+-------+-------++-------
Melee: Dagger            |    39 |    25 ||    64
 Fire: Shortbow          |   100 |    15 ||   115
Throw: Dart              |     3 |    16 ||    19
 Cast: Corona            |     4 |       ||     4
       Slow              |     3 |     2 ||     5
 Stab: Sleeping          |     1 |     2 ||     3
  Eat: Chunk             |     1 |     3 ||     4
       Ration            |     1 |       ||     1
Armor: Robe              |    12 |     7 ||    19
Dodge: Dodged            |    69 |    30 ||    99

Vanquished Creatures
  4 gnolls (D:2)
  3 adders (D:2)
  2 worms (D:2)
  2 dart slugs (D:1)
  7 bats
  A giant cockroach (D:1)
  3 goblins (D:2)
  6 hobgoblins
  5 kobolds
  A ball python (D:2)
  3 frilled lizards
  A rat (D:1)
38 creatures vanquished.
